 Dungeon Crawl Stone Soup version 0.28-a0-48-gfd831c5874 (webtiles) character file.

Game seed: 9940228309888264110

667 pkoi the Ruffian (level 7, -6/57 HPs)
             Began as a Grey Draconian Monk on July 30, 2021.
             Was a Believer of Dithmenos.
             Splashed by Ijyb's acid (9 damage)
             ... on level 5 of the Dungeon.
             The game lasted 00:04:15 (5150 turns).

pkoi the Ruffian (Grey Draconian Monk)              Turns: 5150, Time: 00:04:16

Health: -6/57      AC:  5    Str: 17    XL:     7   Next: 31%
Magic:  7/7        EV: 13    Int: 10    God:    Dithmenos [**....]
Gold:   131        SH:  0    Dex: 16    Spells: 6/6 levels left

rFire   . . .      SeeInvis .     - Unarmed
rCold   . . .      Faith    .   (no shield)
rNeg    . . .      Spirit   .   (armour unavailable)
rPois   .          Reflect  .   (helmet restricted)
rElec   .          Harm     .   e - +0 cloak
rCorr   .          Rampage  .   (no gloves)
Will    .....      Rnd*Tele +   d - +0 pair of boots
Stlth   +.........              (no amulet)
HPRegen 0.19/turn               k - ring of flight
MPRegen 0.10/turn               (no ring)

@: confused, ambrosia-drunk, corroded, flying, wreathed by umbra
A: AC +11, amphibious, unfitting armour, cold-blooded, agile 1, strong 1,
teleportitis 1
a: Renounce Religion, Shadow Step


You were on level 5 of the Dungeon.
You worshipped Dithmenos.
Dithmenos was pleased with you.
You visited 2 branches of the dungeon, and saw 6 of its levels.

You collected 131 gold pieces.

Inventory:

Missiles
 l - 39 poisoned darts (quivered)
Armour
 d - a +0 pair of boots (worn)
 e - a +0 cloak (worn)
Jewellery
 k - a ring of flight (left hand)
Scrolls
 a - a scroll of blinking
 c - 2 scrolls of teleportation
 g - a scroll of identify


   Skills:
 - Level 3.2 Fighting
 - Level 2.6 Dodging
 + Level 3.9 Stealth
 + Level 7.8 Unarmed Combat


You had 6 spell levels left.
You didn't know any spells.
Your spell library contained the following spells:

 Spells                   Type           Power      Damage    Failure   Level
 Animate Skeleton         Necr           0%         N/A       36%         1
 Beastly Appendage        Tmut           0%         N/A       36%         1
 Pain                     Necr           0%         1d4       36%         1
 Ensorcelled Hibernation  Hex/Ice        0%         N/A       50%         2
 Wereblood                Tmut           0%         N/A       50%         2
 Spider Form              Tmut/Pois      0%         N/A       75%         3
 Vampiric Draining        Necr           0%         2d6       75%         3
 Shadow Creatures         Summ           N/A        N/A       100%        6


Dungeon Overview and Level Annotations

Branches:
Dungeon (5/15)             Temple (1/1) D:4

Altars:
Dithmenos
Elyvilon
Fedhas
Gozag
Hepliaklqana
Kikubaaqudgha
Makhleb
Okawaru
Qazlal
Ru
Trog
Uskayaw
Vehumet
Wu Jian
Xom
Yredelemnul
Zin
The Shining One

Shops:
D:1 ?

Annotations:
D:4 1 runed translucent door, Dordric's ghost, novice FoHu
D:5 Ijyb


Innate Abilities, Weirdness & Mutations

Your dull iron-grey scales are very hard. (AC +11)
You are amphibious.
You cannot fit into any form of body armour.
You are cold-blooded and may be slowed by cold attacks.
You are agile. (Dex +2)
Your muscles are strong. (Str +2)
You are occasionally teleported next to monsters.


Message History

You hit Ijyb but do no damage.
Ijyb is moderately wounded.
Ijyb hits you but does no damage.
You barely miss Ijyb.
Ijyb is moderately wounded.
Ijyb hits you but does no damage.
You barely miss Ijyb. You tail-slap Ijyb, but do no damage.
Ijyb is moderately wounded.
Ijyb completely misses you.
You hit Ijyb.
Ijyb is heavily wounded.
Ijyb drinks a potion.
Ijyb is healed!
You hit Ijyb.
Ijyb is moderately wounded.
Ijyb hits you but does no damage.
You barely miss Ijyb.
Ijyb is moderately wounded.
Ijyb zaps a wand.
The bolt of acid hits you!!
* * * LOW HITPOINT WARNING * * *
The acid corrodes you!
You are splashed with acid.
* * * LOW HITPOINT WARNING * * *
You hit Ijyb but do no damage.
Ijyb is moderately wounded.
Ijyb hits you with a +0 club.
* * * LOW HITPOINT WARNING * * *
You closely miss Ijyb.
Ijyb is moderately wounded.
You hit Ijyb but do no damage.
Ijyb is moderately wounded.
Ijyb misses you.
You hit Ijyb but do no damage.
Your tail-slap misses Ijyb.
Ijyb is moderately wounded.
Ijyb closely misses you.
You are confused.
You feel invigorated. Ijyb closely misses you.
You are too confused!
Ijyb zaps a wand.
The bolt of acid hits you!
* * * LOW HITPOINT WARNING * * *
The acid corrodes you!
You are splashed with acid!
You die...

.########
........#######
......†.......#
.######.#####.#
#.# #.#
##.######'#####.#
#.......@.....#.#
#.............#.#
+.....g..>....#.#
#......[......#.#
#.............#.#
#.............#.#
#####+#+#######.#
#.# #.#


You could see Ijyb.

Vanquished Creatures
  A steam dragon (D:4)
  An ice beast (D:5)
  A scorpion (D:3)
  A howler monkey (D:4)
  A jelly (D:4)
  A bullfrog skeleton (D:4)
  A centaur skeleton (D:4)
  Natasha (thrice) (D:3)
  A hound skeleton (D:3)
  A howler monkey zombie (D:3)
  4 adders
  3 gnolls (D:3)
  A white imp (D:3)
  2 dart slugs
  2 worms
  3 bats
  6 endoplasms
  3 giant cockroaches
  13 hobgoblins
  13 jackals
  3 kobolds
  11 ball pythons
  4 frilled lizards
  8 goblins
  10 rats
98 creatures vanquished.

Notes
Turn   | Place    | Note
-------+----------+-------------------------------------------
     0 | D:1      | pkoi the Draconian Monk began the quest for the Orb.
     0 | D:1      | Reached XP level 1. HP: 19/19 MP: 1/1
    31 | D:1      | Found a faded altar of an unknown god.
    74 | D:1      | You fall into a shaft and drop 1 floor!
   142 | D:2      | Reached XP level 2. HP: 15/26 MP: 2/2
   308 | D:2      | Reached skill level 4 in Unarmed Combat
   768 | D:1      | Reached XP level 3. HP: 28/31 MP: 3/3
   993 | D:1      | Found Miawytoli's Magic Scroll Shoppe.
  1651 | D:2      | Found a radiant altar of Vehumet.
  1957 | D:3      | Reached XP level 4. HP: 22/38 MP: 4/4
  2163 | D:3      | Reached skill level 5 in Unarmed Combat
  2269 | D:3      | Noticed Natasha
  2300 | D:3      | Killed Natasha
  2531 | D:3      | Gained mutation: Your muscles are strong. (Str +2) [potion
                  | of mutation]
  2531 | D:3      | Gained mutation: You are agile. (Dex +2) [potion of
                  | mutation]
  2531 | D:3      | Gained mutation: You are occasionally teleported next to
                  | monsters. [potion of mutation]
  2545 | D:3      | Noticed Natasha
  2553 | D:3      | Killed Natasha
  2763 | D:3      | Reached XP level 5. HP: 45/45 MP: 5/5
  3018 | D:3      | Reached skill level 6 in Unarmed Combat
  3101 | D:3      | Found an ornate altar of the Wu Jian Council.
  3191 | D:3      | Noticed Natasha
  3203 | D:3      | Killed Natasha
  3584 | D:3      | Reached XP level 6. HP: 36/51 MP: 6/6
  3702 | D:3      | Found a hazy altar of Hepliaklqana.
  3851 | D:4      | Found a staircase to the Ecumenical Temple.
  3882 | Temple   | Entered the Ecumenical Temple
  4082 | Temple   | Became a worshipper of Dithmenos the Shadowed
  4082 | Temple   | Reached * piety under Dithmenos
  4082 | Temple   | Reached ** piety under Dithmenos
  4231 | D:4      | Reached skill level 7 in Unarmed Combat
  4295 | D:4      | Noticed Dordric's ghost (novice FoHu)
  4302 | D:4      | Found a runed translucent door.
  4546 | D:4      | Found a glowing golden altar of the Shining One.
  4834 | D:4      | Noticed a steam dragon
  4850 | D:4      | Killed a steam dragon
  4851 | D:4      | Your scales start taking on a dull iron-grey colour.
  4851 | D:4      | Reached XP level 7. HP: 37/57 MP: 7/7
  4975 | D:5      | Entered Level 5 of the Dungeon
  5126 | D:5      | Noticed Ijyb
  5150 | D:5      | Splashed by Ijyb's acid

Illustrated notes

Levels and vault maps discovered:
D:1:      minmay_arrival_jagged, layout_loops_cross,
          dreamdust_ecumenical_altar_grove, serial_shops, shop
D:2:      layout_basic, basic_altar
D:3:      layout_loops_ring, lemuel_coloured_pillars_altar,
          nzn_wu_jian_council_hall, uniq_natasha
D:4:      layout_gridville, nicolae_overflow_crystal_walls,
          minmay_temple_entry_crystal_x, hellmonk_ghost_happy_afterlife
D:5:      layout_basic, uniq_ijyb
Temple:   regret_index_temple_generic_petals

Skill      XL: |  1  2  3  4  5  6 |
---------------+-------------------+-----
Unarmed Combat | 4 5 6 7 |  7.8
Stealth        | 3 |  3.9
Fighting       | |  3.2
Dodging        | |  2.6

Action                   |  1- 3 |  4- 6 |  7- 9 || total
-------------------------+-------+-------+-------++-------
Melee: Unarmed           |   122 |   195 |    29 ||   346
       Tailslap          |    11 |    36 |     5 ||    52
       Punch             |     3 |     6 |     3 ||    12
  Use: Potion            |     1 |     6 |     1 ||     8
       Scroll            |       |     4 |       ||     4
 Stab: Sleeping          |     2 |     2 |     3 ||     7
Armor: Skin              |    35 |    33 |     4 ||    72
Dodge: Dodged            |    68 |   116 |    11 ||   195

Table legend: (Time is in decaauts)
 A = Elapsed time spent in this place.
 B = Non-inter-level travel time spent in this place.
 C = Inter-level travel time spent in this place.
 D = Time resting spent in this place.
 E = Time spent auto-exploring this place.
 F = Levels seen in this place.
 G = Mean time per level.
                   A        B        C        D        E       F      G
               +--------+--------+--------+--------+--------+-----+--------+
         Total |   5114 |   4927 |    187 |   1086 |   3145 |   6 |  852.3 |
       Dungeon |   4884 |   4726 |    158 |   1086 |   2949 |   5 |  976.8 |
        Temple |    229 |    200 |     29 |      0 |    196 |   1 |  229.0 |
               +--------+--------+--------+--------+--------+-----+--------+

Top non-repeatable levels by time:
     D:3: 1903 daAuts
     D:2: 1005 daAuts
     D:1: 919 daAuts
     D:4: 885 daAuts
  Temple: 229 daAuts
     D:5: 170 daAuts
